 Dungeon Crawl Stone Soup version 0.28.0-1-gb440e238dd (webtiles) character file.

Game seed: 4021879175643141770

72 issech the Cudgeller (level 4, -3/45 HPs)
             Began as a Troll Monk on Feb 22, 2022.
             Killed from afar by an orc wizard (8 damage)
             ... with a magic dart
             ... on level 3 of the Dungeon.
             The game lasted 00:05:44 (1585 turns).

issech the Cudgeller (Troll Monk)                   Turns: 1585, Time: 00:05:44

Health: -3/45      AC:  4    Str: 19    XL:     4   Next: 7%
Magic:  3/3        EV: 10    Int:  6    God:
Gold:   79         SH:  0    Dex: 14    Spells: 3/3 levels left

rFire   . . .      SeeInvis .   a - +0 mace
rCold   . . .      Faith    .   (no shield)
rNeg    . . .      Spirit   .   b - +0 robe
rPois   .          Reflect  .   (helmet restricted)
rElec   .          Harm     .   (no cloak)
rCorr   .          Rampage  .   (gloves unavailable)
Will    .....                   (boots unavailable)
Stlth   ++........              (no amulet)
HPRegen 0.95/turn               (no ring)
MPRegen 0.08/turn               (no ring)

@: no status effects
A: large, unfitting armour, claws 3, regeneration 1, shaggy fur 1, tough skin 1
a: no special abilities


You were on level 3 of the Dungeon.
You visited 1 branch of the dungeon, and saw 3 of its levels.

You collected 79 gold pieces.

Inventory:

Hand Weapons
 a - a +0 mace (weapon)
 d - a +1 whip of flaming
Missiles
 c - 38 stones (quivered)
 g - 60 arrows
Armour
 b - a +0 robe (worn)
Scrolls
 e - 5 scrolls of identify {unknown}
 k - a scroll of torment {unknown}
 l - a scroll of amnesia {unknown}
 m - a scroll of teleportation {unknown}
 n - a scroll of immolation {unknown}
Potions
 f - a potion of brilliance {unknown}
 h - a potion of flight {unknown}
 i - 2 potions of curing {unknown}
 j - 2 potions of degeneration {unknown}
 o - a potion of lignification {unknown}


   Skills:
 + Level 3.0 Fighting
 + Level 3.4 Maces & Flails
 + Level 3.0 Dodging
 + Level 1.1 Stealth


You had 3 spell levels left.
You didn't know any spells.
Your spell library contained the following spells:

 Spells                   Type           Power      Damage    Failure   Level
 Magic Dart               Conj           0%         1d3       45%         1
 Searing Ray              Conj           0%         2d4       58%         2
 Fulminant Prism          Conj/Hex       0%         3d6       99%         4
 Fireball                 Conj/Fire      0%         3d3       100%        5
 Starburst                Conj/Fire      0%         6d3       100%        6
 Ignition                 Fire           0%         3d3       100%        8


Dungeon Overview and Level Annotations

Branches:
Dungeon (3/15)

Altars:


Innate Abilities, Weirdness & Mutations

You are too large for most types of armour.
You have claws for hands.
Your natural rate of healing is unusually fast.
You are covered in fur. (AC +1)
You have tough skin. (AC +1)


Message History

The hobgoblin hits you.
You barely miss the hobgoblin.
The hobgoblin is moderately wounded.
The hobgoblin hits you but does no damage.
You hit the hobgoblin.
The hobgoblin is heavily wounded.
The hobgoblin hits you.
You closely miss the hobgoblin.
The hobgoblin is heavily wounded.
You hear the rusting of a very distant drain.
The hobgoblin closely misses you.
You barely miss the hobgoblin.
The hobgoblin is heavily wounded.
The hobgoblin barely misses you. The hobgoblin hits you.
You barely miss the hobgoblin.
The hobgoblin is heavily wounded.
The hobgoblin barely misses you.
You hit the hobgoblin.
You kill the hobgoblin!
You hear some strange, mumbled words.
A puff of flame appears from out of thin air!
The puff of flame misses you.
You sock something!
You hear some strange, mumbled words.
A magic dart appears from out of thin air!
The magic dart hits you.
You completely miss something. Something hits you but does no damage.
You hit something but do no damage. Something hits you but does no damage.
You closely miss something. Something hits you but does no damage.
You hear some strange, mumbled words.
A puff of flame appears from out of thin air!
The puff of flame hits you!
* * * LOW HITPOINT WARNING * * *
You hear some strange, mumbled words.
A puff of flame appears from out of thin air!
The puff of flame hits you!
* * * LOW HITPOINT WARNING * * *
A magic dart appears from out of thin air!
The magic dart hits you!
You die...

.. .. ## #.# .##
#. #.# .... #.
#.#..#.# #.#
#.#..#.# #.#
#.....# ###
##.######.##.#
...
##..<#...@...#
#.#
####......###..##
#.. ..........#
#{#.#####.# ##
####.....##
#J##.....## ##.
##...##
#..)..)...# ##..
##.##
#####...#.####...
#..#
##.##........
##.# #.#######...
#.# #.# ##..


You could see an endoplasm.

Vanquished Creatures
  2 adders (D:2)
  5 orcs (D:3)
  5 endoplasms
  A giant cockroach (D:2)
  4 goblins
  7 hobgoblins
  4 jackals (D:2)
  3 quokkas (D:1)
  2 ball pythons (D:3)
  3 bats
  A frilled lizard (D:3)
  2 kobolds (D:1)
  4 rats
43 creatures vanquished.

Notes
Turn   | Place    | Note
-------+----------+-------------------------------------------
     0 | D:1      | issech the Troll Monk began the quest for the Orb.
     0 | D:1      | Reached XP level 1. HP: 22/22 MP: 0/0
    10 | D:1      | Noticed a bullfrog
   167 | D:1      | Reached XP level 2. HP: 27/29 MP: 1/1
   607 | D:2      | Reached XP level 3. HP: 32/36 MP: 2/2
   659 | D:2      | Found a faded altar of an unknown god.
   816 | D:2      | Identified the -6 helmet "Zirchiro" {rC- Regen+ Int+8}
  1561 | D:3      | Reached XP level 4. HP: 27/45 MP: 3/3
  1582 | D:3      | HP: 2/45 [something/puff of flame (11)]
  1585 | D:3      | Killed from afar by an orc wizard

Illustrated notes

Levels and vault maps discovered:
D:1:      evilmike_arrival_come_back, layout_basic
D:2:      layout_basic, ebering_ecumenical_altar_sacrificial,
          serial_park_tiny_2, kennysheep_generic_room_5
D:3:      layout_loops_ring, portal_sewer_entry_e, uniq_robin

Skill      XL: |  1  2  3 |
---------------+----------+-----
Maces & Flails | 3 |  3.4
Dodging        | 3 |  3.0
Fighting       | 3 |  3.0
Stealth        | |  1.1

Action                   |  1- 3 |  4- 6 || total
-------------------------+-------+-------++-------
Melee: Mace              |   108 |    15 ||   123
       Punch             |     1 |       ||     1
 Stab: Sleeping          |     2 |       ||     2
Armor: Robe              |    62 |    12 ||    74
Dodge: Dodged            |    99 |    14 ||   113
